 Dungeon Crawl Stone Soup version 0.20.1-1-g8b1a95d (webtiles) character file.

249 Kingsmith the Blocker (level 5, -15/45 HPs)
             Began as a Minotaur Fighter on Dec 8, 2017.
             Splashed by Ijyb's acid (19 damage)
             ... on level 3 of the Dungeon.
             The game lasted 00:04:06 (2041 turns).

Kingsmith the Blocker (Minotaur Fighter)            Turns: 2041, Time: 00:04:07

Health: -15/45     AC:  0    Str: 22    XL:     5   Next: 86%
Magic:  4/4        EV:  8    Int:  5    God:
Gold:   101        SH: 11    Dex:  9    Spells: 4/4 levels left

rFire    . . .     SeeInvis .     - Unarmed
rCold    . . .     Gourm    .   b - +0 shield
rNeg     . . .     Faith    .   a - +0 scale mail
rPois    .         Spirit   .   (helmet restricted)
rElec    .         Reflect  .   f - +0 cloak
rCorr    .         Harm     .   (no gloves)
MR       .....                  (no boots)
Stlth    ..........             (no amulet)
Regen    0.2/turn               (no ring)
MPRegen  0.1/turn               (no ring)

@: corroded
A: retaliatory headbutt, horns 2
a: no special abilities


You were on level 3 of the Dungeon.
You were not hungry.

You visited 1 branch of the dungeon, and saw 3 of its levels.
You also visited: Sewer.

You collected 101 gold pieces.

Inventory:

Armour
 a - a +0 scale mail (worn)
 b - a +0 shield (worn)
 f - a +0 cloak (worn)
 s - a +0 plate armour
Jewellery
 v - an uncursed ring of protection from cold {unknown}
Wands
 o - a wand of iceblast (5/15)
Scrolls
 g - a scroll of identify {unknown}
 h - 4 scrolls of teleportation {unknown}
 j - a scroll of noise {unknown}
 k - 3 scrolls of magic mapping {unknown}
 l - a scroll of recharging {unknown}
 t - a scroll of remove curse {unknown}
 u - a scroll of blinking {unknown}
 w - a scroll of immolation {unknown}
Potions
 c - a potion of might
 e - 3 potions of curing
 i - 2 potions of heal wounds
 m - a potion of resistance {unknown}
 p - a potion of mutation {unknown}
 q - 2 potions of flight {unknown}
 r - a potion of brilliance {unknown}
Comestibles
 d - a bread ration
 n - a royal jelly


   Skills:
 - Level 3.6 Fighting
 + Level 3.6 Armour
 - Level 8.0 Shields
 - Level 2.1 Unarmed Combat


You had 4 spell levels left.
You didn't know any spells.

Dungeon Overview and Level Annotations

Branches:
Dungeon (3/15)

Altars:
Makhleb
Yredelemnul

Annotations:
D:3 Ijyb


Innate Abilities, Weirdness & Mutations

You reflexively headbutt those who attack you in melee.
You have a pair of horns on your head.


Message History

Ijyb is nearby!
Ijyb is nearby!
Ijyb screams, "Me stronger than you!"
Ijyb zaps a wand.
The bolt of acid hits you! The acid corrodes you!
You are splashed with acid!
The acid burns!
* * * LOW HITPOINT WARNING * * *
It is a wand of acid (?/15).
You are too injured to fight recklessly!
You are too injured to fight recklessly!
You are too injured to fight recklessly!
You feel better.
Ijyb zaps a wand.
The bolt of acid hits you!
* * * LOW HITPOINT WARNING * * *
The acid corrodes you!
You are splashed with acid!
The acid burns!
* * * LOW HITPOINT WARNING * * *
It was a potion of heal wounds.
You feel much better.
You hit Ijyb but do no damage. You headbutt Ijyb, but do no damage.
Ijyb zaps a wand.
The bolt of acid hits you!
* * * LOW HITPOINT WARNING * * *
You are splashed with acid!
The acid burns!
You die...

####################
#...................
#..#...#...#...#...#
#_..................
#..#...#...#...#...#
#..^................
####################
#.......#####.# #
#@###.......#.####
#g###.#...........
#.##....>##.#.#...
#.##..#.###.#.#...
#.##..#.###†#.....
............######
######+###### #. #.
#.


You could see Ijyb.

Vanquished Creatures
  A big kobold (Sewer)
  The ghost of Kingsmith the Caller, an amateur DESu (D:3)
  An adder (D:2)
  2 river rats (Sewer)
  2 worms
  4 dart slugs
  4 leopard geckos
  An orc (D:2)
  5 giant cockroaches
  6 goblins
  5 hobgoblins
  6 jackals
  A quokka (D:3)
  A ball python (D:3)
  9 bats
  6 frilled lizards
  7 kobolds
  10 rats
72 creatures vanquished.

Notes
Turn   | Place    | Note
-------+----------+-------------------------------------------
     0 | D:1      | Kingsmith the Minotaur Fighter began the quest for the Orb.
     0 | D:1      | Reached XP level 1. HP: 19/19 MP: 0/0
    57 | D:1      | Reached skill level 4 in Shields
   142 | D:1      | Reached XP level 2. HP: 26/26 MP: 1/1
   450 | D:1      | Reached skill level 5 in Shields
   703 | D:2      | Reached XP level 3. HP: 31/31 MP: 2/2
   817 | D:2      | Found a burning altar of Makhleb.
   920 | D:2      | Found a faded altar of an unknown god.
  1157 | D:3      | Noticed Kingsmith's ghost (amateur DESu)
  1170 | D:3      | Reached XP level 4. HP: 37/39 MP: 3/3
  1216 | D:3      | Killed Kingsmith's ghost
  1216 | D:3      | Reached skill level 6 in Shields
  1406 | D:3      | Reached XP level 5. HP: 36/45 MP: 4/4
  1464 | D:3      | Reached skill level 7 in Shields
  1521 | D:3      | Found a glowing drain.
  1525 | Sewer    | Entered a sewer
  1747 | Sewer    | Found a white marble altar of Elyvilon.
  1851 | D:3      | Reached skill level 8 in Shields
  1988 | D:3      | Found a basalt altar of Yredelemnul.
  2037 | D:3      | Noticed Ijyb
  2041 | D:3      | Splashed by Ijyb's acid

Skill      XL: |  1  2  3  4  5 |
---------------+----------------+-----
Shields        | 4 5 6 8 |  8.0
Fighting       | |  3.6
Armour         | |  3.6
Unarmed Combat | |  2.1

Action                   |  1- 3 |  4- 6 || total
-------------------------+-------+-------++-------
Melee: Unarmed           |   130 |   134 ||   264
       Headbutt          |    22 |    14 ||    36
  Use: Potion            |       |     4 ||     4
  Eat: Chunk             |       |     4 ||     4
Armor: Scale mail        |    67 |   106 ||   173
Dodge: Dodged            |    42 |    71 ||   113
Block: Shield            |    76 |   121 ||   197
